 Dungeon Crawl Stone Soup version 0.29-a0-919-gd064cfad1c (webtiles) character file.

Game seed: 6595351734280409826

2615 scionoferis the Summoner (level 9, 0/54 HPs)
             Began as an Octopode Summoner on July 26, 2022.
             Succumbed to a killer bee's poison
             ... on level 8 of the Dungeon.
             The game lasted 00:38:07 (8342 turns).

scionoferis the Summoner (Octopode Summoner)        Turns: 8342, Time: 00:38:08

Health: 0/54       AC:  1    Str:  7    XL:     9   Next: 60%
Magic:  12/19      EV: 13    Int: 27    God:
Gold:   114        SH:  0    Dex: 13    Spells: 7/21 levels left

rFire   + . .      SeeInvis .   J - +3 rapier of Meperph {vorpal, rCorr}
rCold   . . .      Faith    .   (no shield)
rNeg    . . .      Spirit   .   (helmet restricted)
rPois   .          Reflect  .   (no amulet)
rElec   .          Harm     .   c - +6 ring of intelligence
rCorr   +          Rampage  .   h - ring of protection from fire
Will    .....                   (no ring)
Stlth   +++.......              (no ring)
HPRegen 0.18/turn               (no ring)
MPRegen 0.16/turn               (no ring)
                                (no ring)
                                (no ring)

@: lethally poisoned (0 -> -25)
A: almost no armour, amphibious, 8 rings, camouflage 1, gelatinous body 1,
(nimble swimmer 1), tentacles
a: no special abilities


You were on level 8 of the Dungeon.
You visited 2 branches of the dungeon, and saw 9 of its levels.

You collected 646 gold pieces.
You spent 532 gold pieces at shops.

Inventory:

Hand Weapons
 g - a +0 dagger
 m - a +0 rapier
 o - a +0 falchion of electrocution
 y - a +4 short sword
 B - a +2 whip of draining
 E - a +2 vorpal falchion
 H - the +7 battleaxe of the Fifty Bounties {vorpal, rElec rF+ Int-4}
   (You bought it in a shop on level 7 of the Dungeon)

   It inflicts extra damage upon your enemies.
   Int:       It affects your intelligence (-4).
   rF:        It protects you from fire.
   rElec:     It insulates you from electricity.
 J - the +3 rapier of Meperph (weapon) {vorpal, rCorr}
   (You bought it in a shop on level 7 of the Dungeon)

   It inflicts extra damage upon your enemies.
   rCorr:     It protects you from acid and corrosion.
Missiles
 b - 93 stones (quivered)
 d - 3 javelins
 l - a throwing net
 n - 25 poisoned darts
 C - a silver boomerang
Armour
 w - an orb of wrath
Magical Staves
 j - a staff of death
Jewellery
 c - a +6 ring of intelligence (left tentacle)
 h - a ring of protection from fire (right tentacle)
 K - a ring of wizardry
Wands
 z - a wand of charming (10)
Scrolls
 i - 4 scrolls of identify
 q - a scroll of silence
 s - 2 scrolls of poison
 t - a scroll of brand weapon
 v - 3 scrolls of teleportation
 A - 2 scrolls of magic mapping
 F - a scroll of vulnerability
 I - 2 scrolls of enchant weapon {unknown}
Potions
 a - a potion of magic
 f - 3 potions of attraction {unknown}
 k - 4 potions of mutation {unknown}
 p - a potion of lignification {unknown}
 r - 2 potions of might {unknown}
 u - 2 potions of curing {unknown}
 x - a potion of invisibility
 D - a potion of haste {unknown}
 G - a potion of flight {unknown}


   Skills:
 + Level 1.7 Fighting
 + Level 2.8 Dodging
 + Level 4.0 Stealth
 + Level 6.7 Spellcasting
 * Level 1.1 Conjurations
 - Level 3.0 Hexes
 - Level 8.0 Summonings
 - Level 6.0 Air Magic
 * Level 1.2 Earth Magic


You had 7 spell levels left.
You knew the following spells:

 Your Spells              Type           Power      Damage    Failure   Level
a - Summon Small Mammal   Summ           100%       N/A       1%          1
b - Call Canine Familiar  Summ           51%        N/A       1%          3
c - Summon Lightning Spi  Summ/Air       46%        N/A       3%          4
d - Summon Guardian Gole  Hex/Summ       38%        N/A       1%          3
e - Stone Arrow           Conj/Erth      30%        3d8       11%         3

Your spell library contained the following spells:

 Spells                   Type           Power      Damage    Failure   Level
 Call Imp                 Summ           51%        N/A       1%          2
 Sandblast                Erth           32%        2d9       3%          1
 Tukima's Dance           Hex            25%        N/A       5%          3
 Passwall                 Tmut/Erth      10%        N/A       7%          2
 Sublimation of Blood     Necr           9%         N/A       9%          2
 Portal Projectile        Hex/Tloc       34%        N/A       10%         3
 Gell's Gravitas          Tloc           9%         N/A       19%         3
 Lesser Beckoning         Tloc           9%         N/A       19%         3
 Teleport Other           Tloc           9%         N/A       19%         3
 Petrify                  Tmut/Erth      12%        N/A       43%         4
 Irradiate                Conj/Tmut      6%         3d13      78%         5
 Blade Hands              Tmut           4%         N/A       86%         5


Dungeon Overview and Level Annotations

Branches:
Dungeon (8/15)             Temple (1/1) D:4
   Lair: D:8-11

Altars:
Cheibriados
Dithmenos
Fedhas
Hepliaklqana
Kikubaaqudgha
Makhleb
Nemelex Xobeh
Qazlal
Ru
Sif Muna
Uskayaw
Xom
Yredelemnul
Lugonu

Shops:
D:7 *(


Innate Abilities, Weirdness & Mutations

You cannot wear most types of armour.
You are amphibious.
You can wear up to eight rings at the same time.
Your skin changes colour to match your surroundings (Stealth+).
Your rubbery body absorbs attacks. (AC +1, EV +1)
((You are camouflaged when in or above water. (Stealth+)))
You have tentacles for arms and can constrict up to eight enemies at once.


Message History

You are more poisoned.
The killer bee poisons you!
The killer bee stings your guardian golem.
The killer bee attacks as you move away!
The killer bee stings you.
You are lethally poisoned!
The killer bee poisons you!
* * * LOW HITPOINT WARNING * * *
You feel extremely sick. Something stings your guardian golem.
Something stings your guardian golem but does no damage.
The killer bee stings you.
* * * LOW HITPOINT WARNING * * *
You feel much better.
You feel very sick. The killer bee stings you.
The killer bee stings your guardian golem.
The killer bee stings you.
You are more poisoned.
The killer bee poisons you!
Casting: Summon Guardian Golem (safe; 1% risk of failure)
Confirm with . or Enter, or press ? or * to list all spells.
A guardian golem appears, shielding your allies.
You feel very sick.
Your guardian golem disappears in a puff of smoke!
The killer bee stings you. The killer bee stings you!
You are more poisoned.
The killer bee poisons you!
* * * LOW HITPOINT WARNING * * *
You feel extremely sick. The killer bee stings you.
* * * LOW HITPOINT WARNING * * *
You are more poisoned.
The killer bee poisons you!
You swap places.
* * * LOW HITPOINT WARNING * * *
You feel very sick.
The killer bee stings your guardian golem.
The killer bee completely misses your guardian golem.
You die...

#############.##
#yy9.@..<.......
###y###########.##
#..§......#
#)#.#####.#
#.#y### #.#.†.#
#.###.# #.# #y##
#.# #).#


You could see 3 killer bees and a friendly guardian golem (summoned).

Vanquished Creatures
  A nameless horror (D:4)
  A howler monkey (D:4)
  A hound (D:6)
  An iguana (D:7)
  Ijyb (D:5)
  2 adders
  A worm (D:3)
  2 dart slugs
  7 orcs
  6 ball pythons
  3 bats
  7 endoplasms
  5 giant cockroaches
  4 goblins
  3 hobgoblins
  5 kobolds
  2 quokkas
  4 frilled lizards
  4 rats
60 creatures vanquished.

Vanquished Creatures (collateral kills)
  A vampire (D:6)
  A steam dragon (D:6)
  A black bear (D:5)
  An orc warrior (D:6)
  A sky beast (D:5)
  3 ice beasts
  An ogre (D:5)
  A phantom (D:6)
  A kobold brigand (D:6)
  A necrophage (D:6)
  2 scorpions
  A howler monkey (D:7)
  5 hounds
  3 orc priests (D:6)
  3 iguanas
  An orc wizard (D:6)
  An adder (D:6)
  A gnoll (D:1)
  A shadow imp (D:7)
  3 ufetubi (D:6)
  A worm (D:4)
  10 orcs
  2 endoplasms (D:2)
  2 goblins
  2 hobgoblins
  2 kobolds
  A quokka (D:3)
  2 ball pythons (D:2)
  A bat (D:1)
56 creatures vanquished.

Vanquished Creatures (others)
  A gargoyle (D:6)
  Duvessa (D:4)
  A bullfrog (D:8)
  3 wights (D:8)
  Dowan (D:4)
  A killer bee (D:8)
  9 fungi (D:5)
17 creatures vanquished.

Grand Total: 133 creatures vanquished

Notes
Turn   | Place    | Note
-------+----------+-------------------------------------------
     0 | D:1      | scionoferis the Octopode Summoner began the quest for the
                  | Orb.
     0 | D:1      | Reached XP level 1. HP: 11/11 MP: 3/3
    73 | D:1      | Reached XP level 2. HP: 8/17 MP: 5/5
   586 | D:1      | Found a faded altar of an unknown god.
   648 | D:1      | Reached XP level 3. HP: 7/21 MP: 1/6
  1529 | D:2      | Learned a level 3 spell: Call Canine Familiar
  1828 | D:2      | Reached skill level 5 in Summonings
  1922 | D:2      | Reached XP level 4. HP: 23/27 MP: 5/8
  1927 | D:2      | Learned a level 4 spell: Summon Lightning Spire
  1959 | D:2      | Found a shimmering blue altar of Sif Muna.
  2649 | D:3      | Identified the +3 ring mail of Vlad {rElec rF+ Str+3 Int+3}
  2842 | D:3      | Found a snail-covered altar of Cheibriados.
  2848 | D:3      | Reached skill level 1 in Air Magic
  3622 | D:3      | Reached XP level 5. HP: 7/31 MP: 6/9
  3887 | D:4      | Noticed Duvessa
  3887 | D:4      | Noticed Dowan
  4096 | D:4      | Noticed a nameless horror
  4186 | D:4      | Found a sacrificial altar of Ru.
  4290 | D:5      | Entered Level 5 of the Dungeon
  4597 | D:5      | Noticed an ice beast
  4612 | D:5      | Killed an ice beast
  4613 | D:5      | Reached XP level 6. HP: 36/36 MP: 3/11
  4823 | D:5      | Noticed a sky beast
  4863 | D:5      | Noticed Ijyb
  4884 | D:5      | Noticed a black bear
  4888 | D:5      | Found an ancient bone altar of Kikubaaqudgha.
  4905 | D:5      | Killed a black bear
  4906 | D:5      | Reached XP level 7. HP: 41/41 MP: 5/12
  4910 | D:5      | Learned a level 3 spell: Summon Guardian Golem
  5047 | D:5      | Killed Ijyb
  5506 | D:5      | Reached skill level 6 in Summonings
  5710 | D:6      | Reached skill level 1 in Hexes
  5800 | D:6      | Found a shimmering altar of Xom.
  5953 | D:6      | Reached skill level 5 in Air Magic
  5964 | D:6      | Reached XP level 8. HP: 46/46 MP: 8/14
  6395 | D:6      | Noticed a gargoyle
  6404 | D:6      | Reached skill level 5 in Spellcasting
  6420 | D:6      | Noticed a vampire
  6420 | D:6      | Killed a gargoyle
  6421 | D:6      | Reached skill level 7 in Summonings
  6421 | D:6      | Reached XP level 9. HP: 48/51 MP: 5/17
  6876 | D:6      | Reached skill level 8 in Summonings
  7096 | D:4      | Killed a nameless horror
  7210 | D:4      | Killed Dowan
  7288 | D:4      | Killed Duvessa
  7393 | D:4      | Found a basalt altar of Yredelemnul.
  7454 | D:4      | Found a staircase to the Ecumenical Temple.
  7463 | Temple   | Entered the Ecumenical Temple
  7620 | D:7      | Found Jaqa's Assorted Antiques.
  7623 | D:7      | Bought a warped battleaxe for 253 gold pieces
  7623 | D:7      | Identified the +7 battleaxe of the Fifty Bounties {vorpal,
                  | rElec rF+ Int-4} (You bought it in a shop on level 7 of the
                  | Dungeon)
  7667 | D:7      | Reached skill level 1 in Fighting
  7820 | D:7      | Found Ucioqeg's Antique Weapon Boutique.
  7830 | D:7      | Bought a bloodstained rapier for 279 gold pieces
  7830 | D:7      | Identified the +3 rapier of Meperph {vorpal, rCorr} (You
                  | bought it in a shop on level 7 of the Dungeon)
  7843 | D:7      | Found a hide-covered altar of Uskayaw.
  7863 | D:7      | Found a burning altar of Makhleb.
  8175 | D:7      | Learned a level 3 spell: Stone Arrow
  8287 | D:8      | Reached skill level 1 in Earth Magic
  8300 | D:8      | Reached skill level 1 in Conjurations
  8342 | D:8      | Succumbed to a killer bee's poison

Illustrated notes

Levels and vault maps discovered:
D:1:      spicycebolla_arrival_xxxplode, layout_basic,
          hellmonk_ecumenical_altar_run_dry
D:2:      layout_loops_ring, basic_altar
D:3:      layout_basic, slow_altar_1, nicolae_titane
D:4:      dreamdust_elfheim, layout_rooms, mainiacjoe_overflow_catwalk,
          mainiacjoe_overflow_alcove_4, temple_green, serial_bayou_pond_d,
          hangedman_abyss_or_decor_passed
D:5:      layout_cave_pools, mainiacjoe_overflow_cross_hatched, serial_park,
          serial_park_avenue1, serial_park_avenue1, dreamdust_mushroom_princess,
          uniq_ijyb
D:6:      layout_cave_pools, amcnicky_altar_gilded, st_stairs_11, minivault_27,
          minmay_three_doors
D:7:      layout_cave_pools, lemuel_round_altar, general_overflow_altar,
          serial_shops, shop, kennysheep_mini
D:8:      layout_loops_corners, marbit_many_paths, lemuel_crystal_altar,
          chequers_temple_overflow_minitemple, vehumet_altar_wand_db,
          st_stairs_13
Temple:   corrupted_temple

Skill      XL: |  1  2  3  4  5  6  7  8  9 |
---------------+----------------------------+-----
Summonings     | 5 6 7 8 |  8.0
Air Magic      | 1 3 4 5 6 |  6.0
Spellcasting   | 3 4 5 6 |  6.7
Hexes          | 2 3 |  3.0
Stealth        | 4 |  4.0
Fighting       | 1 |  1.7
Earth Magic    | 1 |  1.2
Conjurations   | 1 |  1.1
Dodging        | |  2.8

Action                   |  1- 3 |  4- 6 |  7- 9 || total
-------------------------+-------+-------+-------++-------
Melee: Mace              |    14 |       |       ||    14
       Constrict         |    15 |    13 |     7 ||    35
       Tentacles         |     7 |     9 |     8 ||    24
       Unarmed           |     2 |       |       ||     2
       Dagger            |    42 |       |       ||    42
       Rapier            |     3 |    33 |     7 ||    43
       Short sword       |       |    24 |    19 ||    43
       Falchion          |       |       |    13 ||    13
       Battleaxe         |       |       |     1 ||     1
Throw: Stone             |       |     2 |     1 ||     3
 Cast: Summon Small Mamm |    13 |       |       ||    13
       Call Canine Famil |     4 |    12 |    19 ||    35
       Summon Lightning  |       |     5 |    11 ||    16
       Summon Guardian G |       |       |    15 ||    15
  Use: Potion            |       |     1 |     2 ||     3
       Scroll            |       |       |     6 ||     6
 Stab: Sleeping          |     7 |     5 |     2 ||    14
Armor: Skin              |     1 |       |     3 ||     4
Dodge: Dodged            |    30 |    33 |    21 ||    84

Table legend: (Time is in decaauts)
 A = Elapsed time spent in this place.
 B = Non-inter-level travel time spent in this place.
 C = Inter-level travel time spent in this place.
 D = Time resting spent in this place.
 E = Time spent auto-exploring this place.
 F = Levels seen in this place.
 G = Mean time per level.
                   A        B        C        D        E       F      G
               +--------+--------+--------+--------+--------+-----+--------+
         Total |   8366 |   8093 |    273 |   1005 |   5150 |   9 |  929.6 |
       Dungeon |   8328 |   8066 |    262 |   1005 |   5130 |   8 | 1041.0 |
        Temple |     38 |     27 |     11 |      0 |     20 |   1 |   38.0 |
               +--------+--------+--------+--------+--------+-----+--------+

Top non-repeatable levels by time:
     D:3: 1669 daAuts
     D:5: 1591 daAuts
     D:1: 1527 daAuts
     D:6: 1232 daAuts
     D:2: 863 daAuts
     D:4: 682 daAuts
     D:7: 634 daAuts
     D:8: 127 daAuts
  Temple: 38 daAuts
